 Dungeon Crawl Stone Soup version 0.32-a0-132-g2d33c3cfaf (webtiles) character file.

Game seed: 15994725302040958760

214 cforsyth the Magician (level 6, -7/47 HPs)
             Began as a Djinni Hexslinger on Feb 9, 2024.
             Mangled by an iguana (9 damage)
             ... on level 4 of the Dungeon.
             The game lasted 00:04:27 (2773 turns).

cforsyth the Magician (Djinni Hexslinger)           Turns: 2773, Time: 00:04:27

Health: -7/47      AC:  2    Str:  7    XL:     6   Next: 14%
Gold:   153        EV: 12    Int: 17    God:
                   SH:  0    Dex: 15

rFire   + + .        a - +1 sling
rCold   x . .        (no shield)
rNeg    . . .        c - +0 robe
rPois   ∞            (no helmet)
rElec   .            (no cloak)
rCorr   .            (no gloves)
SInv    .            (boots unavailable)
Will    .....        (no amulet)
Stlth   +            (no ring)
HPRegen 0.27/turn    (no ring)
MPRegen 0.00/turn

%: infuse magic (-8 HP)
@: flying
A: sickness immunity, fire resistance 2, cold vulnerability 1, float, innate
caster, HP casting, extra vitality 1
a: no special abilities


You were on level 4 of the Dungeon.
You visited 1 branch of the dungeon, and saw 4 of its levels.

You collected 153 gold pieces.


Innate Abilities, Weirdness & Mutations

You are immune to sickness and miasma.
You are immune to poison.
Your flesh is very heat resistant. (rF++)
You are vulnerable to cold. (rC-)
You float through the air rather than walking.
You learn spells naturally, not from books.
Your magical power is your life essence.
You have superior vitality. (+4 MHP)


   Skills:
 + Level 4.0 Fighting
 - Level 1.5 Ranged Weapons
 - Level 2.1 Dodging
 + Level 4.0 Spellcasting
 + Level 4.0 Conjurations
 + Level 4.0 Hexes
 + Level 4.0 Summonings
 + Level 4.0 Necromancy
 + Level 4.0 Translocations
 + Level 4.0 Fire Magic
 + Level 4.0 Ice Magic
 + Level 4.0 Air Magic
 + Level 4.0 Earth Magic
 + Level 4.0 Alchemy


You knew the following spells:

 Your Spells              Type           Power      Damage    Failure   Level
c - Cause Fear            Hex            8%         N/A       30%         4
f - Inner Flame           Hex/Fire       17%        N/A       9%          3
i - Call Imp              Summ           34%        N/A       4%          2
x - Foxfire               Conj/Fire      68%        2x1d7     3%          1
X - Jinxbite              Hex            34%        N/A       4%          2
Y - Sigil of Binding      Hex            17%        N/A       9%          3
Z - Dimensional Bullseye  Hex/Tloc       8%         N/A       30%         4
Your spell library was empty.

Inventory:

Hand Weapons
 a - a +1 sling (weapon)
Armour
 c - a +0 robe (worn)
Jewellery
 E - a +5 ring of evasion
 I - a +6 ring of intelligence
Scrolls
 b - 3 scrolls of poison
 d - 6 scrolls of identify {unknown}
 e - 2 scrolls of enchant weapon {unknown}
 f - a scroll of immolation {unknown}
 g - 2 scrolls of amnesia {unknown}
 h - a scroll of summoning {unknown}
 j - 2 scrolls of teleportation {unknown}
Potions
 i - a potion of mutation {unknown}
 k - a potion of degeneration {unknown}
 l - a potion of haste {unknown}

Dungeon Overview and Level Annotations

Branches:
Dungeon (4/15)
 Temple: D:4-7

Altars:
Cheibriados
Fedhas

Annotations:
D:4 Grinder

##... #...# #...#
#...# #...# ..
#...######## ...
#.........S.
#.######...#####S#
##......†...@.....#
..........▒lS.....#
#........▒.......#
.###.....5#####.## ..
#####.▒.▒▒.▒.......
##..##..▒..▒.▒▒h..# .
.?...)....▒▒....▒5###
...<....▒.▒▒.▒.▒▒h..#
.....▒.▒▒.▒..▒.▒▒.▒▒#


You could see Grinder, an iguana, a hound, an adder and a ball python.


Message History

The ball python constricts you.
You escape the ball python's grasp.
Found 3 stones.
The adder attacks as it pursues you! The adder barely misses you.
The ball python barely misses you. The ball python closely misses you.
The adder bites you but does no damage.
The ball python attacks as it pursues you!
The ball python bites you but does no damage.
The ball python closely misses you.
You see here 13 gold pieces.
Your magical contamination has completely faded away.
An orc comes into view. It is wielding a +0 short sword.
The adder attacks as it pursues you! The adder bites you but does no damage.
An orc wizard comes into view. It is wielding a +0 dagger.
The adder attacks as it pursues you! The adder bites you.
* * * LOW HITPOINT WARNING * * *
The adder bites you but does no damage. The adder attacks as it pursues you!
The adder barely misses you. The adder attacks as it pursues you!
The adder bites you but does no damage. The iguana bites you.
* * * LOW HITPOINT WARNING * * *
The iguana bites you.
* * * LOW HITPOINT WARNING * * *
The adder barely misses you.
A ball python comes into view.
The ball python hisses angrily.
The iguana attacks as it pursues you! The iguana barely misses you.
The iguana bites you!
* * * LOW HITPOINT WARNING * * *
The iguana attacks as it pursues you! The iguana bites you!
You die...

Skill      XL: |  1  2  3  4  5 |
---------------+----------------+-----
Spellcasting   | 3 4 |  4.0
Conjurations   | 3 4 |  4.0
Hexes          | 3 4 |  4.0
Summonings     | 3 4 |  4.0
Necromancy     | 3 4 |  4.0
Translocations | 3 4 |  4.0
Fire Magic     | 3 4 |  4.0
Ice Magic      | 3 4 |  4.0
Air Magic      | 3 4 |  4.0
Earth Magic    | 3 4 |  4.0
Alchemy        | 3 4 |  4.0
Fighting       | 2 3 4 |  4.0
Ranged Weapons | |  1.5
Dodging        | |  2.1

Action                     |  1- 3 |  4- 6 || total
---------------------------+-------+-------++-------
   Fire: Sling             |    61 |    12 ||    73
   Cast: Foxfire           |    45 |   106 ||   151
         Inner Flame       |     2 |     2 ||     4
         Cause Fear        |       |     2 ||     2
 Armour: Robe              |    24 |    25 ||    49
  Dodge: Dodged            |    43 |    24 ||    67

Levels and vault maps discovered:
D:1:      saegor_arrival_under_anarchy, layout_rooms,
          shapermc_ecumenical_altar_mp_urbaneastern, corner_web_ring
D:2:      layout_basic, basic_altar, uniq_jessica
D:3:      layout_basic, amcnicky_altar_gilded, fedhas_altar_3
D:4:      layout_loops_cross, nicolae_letterblocks [nicolae_letter_subblock,
          nicolae_letter_subblock, nicolae_letter_subblock,
          nicolae_letter_subblock, nicolae_letter_subblock,
          nicolae_letter_subblock, nicolae_letter_subblock,
          nicolae_letter_subblock, nicolae_letter_subblock,
          nicolae_letter_subblock, nicolae_letter_subblock,
          nicolae_letter_subblock, nicolae_letter_subblock,
          nicolae_letter_subblock, nicolae_letter_subblock,
          nicolae_letter_subblock, nicolae_letter_subblock,
          nicolae_letter_subblock, nicolae_letter_subblock,
          nicolae_letter_subblock, nicolae_letter_subblock,
          nicolae_letter_subblock, nicolae_letter_subblock,
          nicolae_letter_subblock, nicolae_letter_subblock], uniq_grinder

Notes
Turn   | Place    | Note
-------+----------+-------------------------------------------
     0 | D:1      | cforsyth the Djinni Hexslinger began the quest for the Orb.
     0 | D:1      | cforsyth set off with the following spells memorised:
                  | Jinxbite, Sigil of Binding, Inner Flame, Cause Fear,
                  | Dimensional Bullseye.
     0 | D:1      | Reached XP level 1. HP: 17/17 MP: 0/0
    88 | D:1      | Reached XP level 2. HP: 22/22 MP: 0/0
   104 | D:1      | Found a faded altar of an unknown god.
   140 | D:1      | Reached skill level 3 in Spellcasting
   140 | D:1      | Reached skill level 3 in Conjurations
   140 | D:1      | Reached skill level 3 in Hexes
   140 | D:1      | Reached skill level 3 in Summonings
   140 | D:1      | Reached skill level 3 in Necromancy
   140 | D:1      | Reached skill level 3 in Translocations
   140 | D:1      | Reached skill level 3 in Fire Magic
   140 | D:1      | Reached skill level 3 in Ice Magic
   140 | D:1      | Reached skill level 3 in Air Magic
   140 | D:1      | Reached skill level 3 in Earth Magic
   140 | D:1      | Reached skill level 3 in Alchemy
   259 | D:1      | Reached skill level 2 in Fighting
   259 | D:1      | Reached XP level 3. HP: 21/28 MP: 0/0
   259 | D:1      | Learned a level 1 spell: Foxfire
   818 | D:2      | Noticed Jessica
   821 | D:2      | Killed Jessica
   822 | D:2      | Reached XP level 4. HP: 28/34 MP: 0/0
   855 | D:2      | Found a blossoming altar of Fedhas.
  1015 | D:2      | Reached skill level 3 in Fighting
  1411 | D:2      | Reached XP level 5. HP: 36/40 MP: 0/0
  1411 | D:2      | Learned a level 2 spell: Call Imp
  2001 | D:3      | Found a blossoming altar of Fedhas.
  2062 | D:3      | Found a snail-covered altar of Cheibriados.
  2734 | D:4      | Noticed an ogre
  2740 | D:4      | Killed an ogre
  2741 | D:4      | Reached skill level 4 in Fighting
  2741 | D:4      | Reached skill level 4 in Spellcasting
  2741 | D:4      | Reached skill level 4 in Conjurations
  2741 | D:4      | Reached skill level 4 in Hexes
  2741 | D:4      | Reached skill level 4 in Summonings
  2741 | D:4      | Reached skill level 4 in Necromancy
  2741 | D:4      | Reached skill level 4 in Translocations
  2741 | D:4      | Reached skill level 4 in Fire Magic
  2741 | D:4      | Reached skill level 4 in Ice Magic
  2741 | D:4      | Reached skill level 4 in Air Magic
  2741 | D:4      | Reached skill level 4 in Earth Magic
  2741 | D:4      | Reached skill level 4 in Alchemy
  2741 | D:4      | Reached XP level 6. HP: 31/47 MP: 0/0
  2746 | D:4      | Noticed an ice beast
  2749 | D:4      | Noticed Grinder
  2772 | D:4      | HP: 1/47 [iguana (13)]
  2773 | D:4      | Mangled by an iguana

Vanquished Creatures
  An ogre (D:4)
  Jessica (D:2)
  4 adders
  2 dart slugs (D:1)
  2 ribbon worms (D:1)
  3 endoplasms
  2 giant cockroaches
  5 goblins
  5 hobgoblins
  8 jackals
  4 kobolds
  3 quokkas
  9 ball pythons
  3 bats
  6 frilled lizards
  A rat (D:1)
59 creatures vanquished.

Vanquished Creatures (collateral kills)
  A foxfire (D:3)
1 creature vanquished.

Vanquished Creatures (others)
  241 foxfires
241 creatures vanquished.

Grand Total: 301 creatures vanquished

Table legend: (Time is in decaauts)
 A = Elapsed time spent in this place.
 B = Non-inter-level travel time spent in this place.
 C = Inter-level travel time spent in this place.
 D = Time resting spent in this place.
 E = Time spent auto-exploring this place.
 F = Levels seen in this place.
 G = Mean time per level.
                   A        B        C        D        E       F      G
               +--------+--------+--------+--------+--------+-----+--------+
         Total |   2797 |   2716 |     81 |      0 |   2134 |   4 |  699.2 |
       Dungeon |   2797 |   2716 |     81 |      0 |   2134 |   4 |  699.2 |
               +--------+--------+--------+--------+--------+-----+--------+

Top non-repeatable levels by time:
     D:3: 986 daAuts
     D:2: 947 daAuts
     D:1: 795 daAuts
     D:4: 68 daAuts

Table legend:
 A = Non-vault XP
 B = Vault XP
 C = Vault XP percentage of total XP
 D = Non-vault monster count
 E = Vault monster count
 F = Vault count percentage of total count
                 A         B        C        D         E       F
            +---------+---------+-------+---------+---------+-------
      Total |     269 |      37 |  12.1 |      58 |       1 |   1.7
            +---------+---------+-------+---------+---------+-------
        D:1 |      50 |       0 |   0.0 |      23 |       0 |   0.0
        D:2 |      71 |      37 |  34.3 |      22 |       1 |   4.3
        D:3 |      28 |       0 |   0.0 |      10 |       0 |   0.0
        D:4 |     120 |       0 |   0.0 |       3 |       0 |   0.0
            +---------+---------+-------+---------+---------+-------
